 Dungeon Crawl Stone Soup version 0.18-a0-884-gb6cfd45 (webtiles) character file.

103998 Duffy the Ripper (level 15, -1/72 HPs)
             Began as a Felid Transmuter on Dec 22, 2015.
             Was a High Priest of Cheibriados.
             Slain by a cyclops (11 damage)
             ... on level 4 of the Shoals.
             The game lasted 01:25:52 (40907 turns).

Duffy the Ripper (Felid Transmuter)                Turns: 40907, Time: 01:25:52

Health: -1/72      AC:  3    Str: 20    XL:     15   Next: 90%
Magic:  29/29      EV: 36    Int: 28    God:    Cheibriados [*****.]
Gold:   3565       SH:  0    Dex: 38    Spells: 6 memorised, 12 levels left
                                        Lives:  0   Deaths: 3

rFire  + . .     SeeInvis +       - Unarmed
rCold  + + .     Gourm    .     (armour unavailable)
rNeg   . . .     Faith    .     (shield unavailable)
rPois  +         Spirit   .     (helmet unavailable)
rElec  .         Dismiss  .     (cloak unavailable)
rCorr  +         Reflect  .     (gloves unavailable)
SustAt .         Harm     .     (boots unavailable)
MR     ++...                    b - amulet "Xopsauj" {rCorr Str+2}
Stlth  +++++++...               o - ring of Xom's Best Wishes {rPois rF+ rC+ Slay+2}
                                K - +2 ring of slaying

@: very slow, very resistant to hostile enchantments, extremely stealthy
A: no armour, no weapons or thrown items, claws 1, fangs 3, see invisible,
carnivore 3, speed 1, shaggy fur 3, slow metabolism 1, weak 1, sharp paws
a: Bend Time, Temporal Distortion, Slouch, Step From Time, Renounce Religion


You were on level 4 of the Shoals.
You worshipped Cheibriados.
Cheibriados was extremely pleased with you.
You were not hungry.

You visited 6 branches of the dungeon, and saw 33 of its levels.
You also visited: Trove, Ossuary and Ice Cave.

You collected 4640 gold pieces.
You spent 1075 gold pieces at shops.


Innate Abilities, Weirdness & Mutations

You cannot wear armour.
You are incapable of wielding weapons or throwing items.
You have sharp claws.
You have razor-sharp teeth.
You have supernaturally acute eyesight.
You are carnivorous and can eat meat at any time.
You cover ground quickly.
Your thick and shaggy fur keeps you warm (AC +3, rC+).
You have a slow metabolism.
Your sharp claws are effective at attacking unaware monsters.
You are weak. (Str -2)


   Skills:
 - Level 12.0 Fighting
 - Level 12.4 Dodging
 - Level 10.0 Stealth
 + Level 15.3 Unarmed Combat
 - Level 9.0 Spellcasting
 - Level 11.0 Translocations
 - Level 12.5 Transmutations
   Level 2.0 Ice Magic
 - Level 12.5 Earth Magic
 - Level 10.8 Invocations
 + Level 6.0 Evocations


You had 12 spell levels left.
You knew the following spells:

 Your Spells              Type           Power        Failure   Level  Hunger
a - Statue Form           Trmt/Erth      ######...    4%          6    #####..
c - Phase Shift           Tloc           ######....   1%          5    ####...
g - Passage of Golubria   Tloc           N/A          1%          4    None
j - Apportation           Tloc           ######....   1%          1    None
A - Stoneskin             Trmt/Erth      ######..     1%          2    None
B - Blink                 Tloc           N/A          1%          2    None

Inventory:

Missiles
 a - 528 arrows
Jewellery
 b - the amulet "Xopsauj" (around neck) {rCorr Str+2}

   [amulet of resist corrosion]

   It protects you from acid and corrosion.
   It affects your strength (+2).
 o - the ring of Xom's Best Wishes (right paw) {rPois rF+ rC+ Slay+2}

   [ring of poison resistance]

   It affects your accuracy and damage with ranged weapons and melee attacks
   (+2).
   It protects you from fire.
   It protects you from cold.
   It protects you from poison.
 C - an uncursed ring of protection from fire
 K - a +2 ring of slaying (left paw)
 L - an uncursed ring of protection from cold
Wands
 e - a wand of fire (4/15)
 m - a wand of lightning (7/15)
 n - a wand of teleportation (7/9)
 t - a wand of fire (8/15)
 w - a wand of cold (8/15)
 I - a wand of invisibility (3/9)
 N - a wand of paralysis (3/24)
 R - a wand of invisibility (5/9)
Scrolls
 d - a scroll of immolation
 g - 2 scrolls of fog
 h - 2 scrolls of vulnerability
 k - a scroll of silence
 l - 2 scrolls of blinking
 s - 4 scrolls of magic mapping
 x - 16 scrolls of remove curse
 y - a scroll of fear
 A - 6 scrolls of teleportation
 G - 2 scrolls of recharging
Potions
 j - 2 potions of agility
 p - 11 potions of curing
 q - 5 potions of ambrosia
 r - 5 potions of brilliance
 u - 2 potions of invisibility
 v - 3 potions of magic
 z - 6 potions of flight
 E - 2 potions of might
 H - 5 potions of resistance
 M - a potion of heal wounds
 P - 2 potions of cure mutation
Comestibles
 c - 13 meat rations
 f - 6 beef jerkies
 J - 12 slices of pizza

Dungeon Overview and Level Annotations

Branches:
Dungeon (15/15)            Temple (1/1) D:4            Lair (8/8) D:11
 Shoals (4/4) Lair:6        Snake (3/4) Lair:6        Slime (0/6) Lair:7
    Orc (2/2) D:10            Elf (0/3) Orc:2        Vaults (0/5) D:14
 Depths (0/5) D:15

Altars:
Ashenzari
Cheibriados
Dithmenos
Elyvilon
Fedhas
Gozag
Kikubaaqudgha
Makhleb
Nemelex Xobeh
Okawaru
Pakellas
Qazlal
Ru
Sif Muna
Trog
Vehumet
Xom
Yredelemnul
Zin
The Shining One
Beogh
Jiyva

Shops:
D:3 }   D:7 [   D:8 (   D:9 }   D:10 %   D:14 }   Orc:2 :((*   Shoals:3 (

Annotations:
Lair:7 1 runed door, exclusion: door
Snake:2 Vashnia


Message History

You are now level 15!
You revert to your normal fleshy form.
You rejoin the land of the living...
Unknown command.
Unknown command.
The cyclops throws a large rock.
The large rock completely misses you.
The cyclops throws a large rock.
The large rock completely misses you.
The cyclops throws a large rock.
The large rock completely misses you.
The cyclops throws a large rock.
The large rock completely misses you.
The cyclops throws a large rock.
The large rock completely misses you.
The large rock hits the plant!!
The cyclops completely misses you. The cyclops completely misses you.
The cyclops completely misses you. The cyclops completely misses you.
The cyclops barely misses you. The cyclops completely misses you. x2
The cyclops barely misses you. The cyclops completely misses you.
The cyclops completely misses you. The cyclops hits you!!
The cyclops barely misses you. The cyclops completely misses you.
The cyclops misses you. x2
The cyclops completely misses you. x2
The cyclops hits you! The cyclops completely misses you.
The cyclops barely misses you. The cyclops completely misses you.
The cyclops misses you. The cyclops closely misses you.
The cyclops barely misses you. The cyclops misses you. The cyclops misses you.
The cyclops hits you! The cyclops completely misses you. x2
The cyclops completely misses you. x2
The cyclops hits you! x2
The cyclops completely misses you. x2
The cyclops completely misses you. The cyclops hits you!
You die...

..P~~PP~# ~C~#~~~~~~~~~
/...~.~~# )))P~~~~~~~
../..~~~# #))~~~~~~~
....~~~~## ##)(.~~~~~~
....~~~~~#####P(PP~~~~~~
###.~~~~~~~.....)..~~~~~
..##~~~~~~P...%....~~~~~
~~~#.~~~~.....P.CC.~~~~~
}~~#P<.~~.......@P.~P~~~
~~~#.~~~P.....P....~~~~~
~~##~~P~~(.....(...~~~~~
###~PP~~P.PP.....P.~~~~~
~~~~PPP~PP.....PP..~P~~~
~~P~~.PPPP.....PPP..~~~~
~~P~..~~PP......PP~.~~~~
~~~~~~~~~...P...~~~~~~~~
~~~P~~~P.~~~~P~


You could see 2 cyclopes.

Action                   |  1- 3 |  4- 6 |  7- 9 | 10-12 | 13-15 | 16-18 || total
-------------------------+-------+-------+-------+-------+-------+-------++-------
Melee: Unarmed           |   109 |   261 |   238 |   577 |   960 |   588 ||  2733
 Cast: Ice Form          |       |     1 |    18 |    36 |       |       ||    55
       Statue Form       |       |       |       |    75 |   189 |   118 ||   382
       Phase Shift       |       |       |       |       |     1 |    44 ||    45
       Passage of Golubr |       |       |       |       |       |     6 ||     6
       Stoneskin         |       |       |       |       |       |     2 ||     2
Invok: Slouch            |       |       |       |       |       |    11 ||    11
Evoke: Wand              |       |       |       |       |     2 |     1 ||     3
  Use: Scroll            |       |     5 |     7 |    12 |     7 |    19 ||    50
       Potion            |       |       |     3 |       |     1 |     2 ||     6
 Stab: Sleeping          |     4 |     8 |     8 |    20 |    11 |     5 ||    56
       Distracted        |       |     1 |       |     3 |     3 |     2 ||     9
       Paralysed         |       |       |       |       |     1 |       ||     1
       Petrified         |       |       |       |       |     2 |       ||     2
  Eat: Chunk             |     8 |    11 |     8 |    54 |    81 |    59 ||   221
       Royal jelly       |       |       |       |       |       |     3 ||     3

Notes
Turn   | Place    | Note
--------------------------------------------------------------
     0 | D:1      | Duffy the Felid Transmuter began the quest for the Orb.
     0 | D:1      | Reached XP level 1. HP: 9/9 MP: 4/4
    27 | D:1      | Reached XP level 2. HP: 12/12 MP: 6/6
   527 | D:1      | Reached skill level 3 in Dodging
   693 | D:1      | Reached skill level 4 in Unarmed Combat
   970 | D:2      | Found a radiant altar of Vehumet.
   983 | D:2      | Reached XP level 3. HP: 10/15 MP: 7/7
  1227 | D:2      | Found a faded altar to an unknown god.
  1843 | D:2      | Reached XP level 4. HP: 3/19 MP: 8/8
  2102 | D:2      | Learned a level 4 spell: Ice Form
  2106 | D:2      | Found a glowing silver altar of Zin.
  2407 | D:2      | Found a bloodstained altar of Trog.
  2814 | D:3      | Reached skill level 4 in Dodging
  2817 | D:3      | Noticed an ogre
  3154 | D:3      | Found a basalt altar of Yredelemnul.
  3207 | D:3      | Found a white marble altar of Elyvilon.
  3290 | D:3      | Found a sacrificial altar of Ru.
  3322 | D:3      | Found an oddly glowing altar of Pakellas.
  3322 | D:3      | Found Pakellas's Prime Provisions.
  3591 | D:3      | Killed an ogre
  3591 | D:3      | Reached skill level 5 in Dodging
  3591 | D:3      | Reached skill level 5 in Unarmed Combat
  3591 | D:3      | Reached XP level 5. HP: 22/22 MP: 9/9
  3631 | D:4      | Noticed Robin
  3829 | D:3      | Killed Robin
  3943 | D:3      | Reached skill level 1 in Ice Magic
  4072 | D:4      | Found a shadowy altar of Dithmenos.
  4482 | D:4      | Gained mutation: You are covered in thick fur (AC +2). [Felid growth]
  4482 | D:4      | Reached XP level 6. HP: 21/25 MP: 10/10
  4985 | D:4      | Found a stormy altar of Qazlal.
  4986 | D:4      | Found a sparkling altar of Nemelex Xobeh.
  5051 | D:4      | Found a staircase to the Ecumenical Temple.
  5056 | Temple   | Entered the Ecumenical Temple
  5338 | Temple   | Became a worshipper of Cheibriados the Contemplative
  5525 | D:5      | Entered Level 5 of the Dungeon
  5725 | D:5      | Reached skill level 6 in Unarmed Combat
  5898 | D:5      | Found an ancient bone altar of Kikubaaqudgha.
  6189 | D:5      | Reached skill level 3 in Transmutations
  6191 | D:5      | Reached * piety under Cheibriados
  6444 | D:5      | Reached skill level 2 in Ice Magic
  6588 | D:5      | Reached XP level 7. HP: 14/28 MP: 6/11
  6928 | D:5      | Reached skill level 4 in Transmutations
  7164 | D:6      | Reached skill level 7 in Unarmed Combat
  7414 | D:6      | Reached ** piety under Cheibriados
  7693 | D:6      | Reached skill level 5 in Transmutations
  7736 | D:7      | Reached XP level 8. HP: 32/32 MP: 7/12
  7746 | D:7      | Learned a level 6 spell: Statue Form
  7877 | D:7      | Found a blossoming altar of Fedhas.
  8006 | D:7      | Found Dacse's Armour Shop.
  8120 | D:7      | Reached skill level 6 in Transmutations
  8121 | D:7      | Reached skill level 8 in Unarmed Combat
  8691 | D:7      | Reached skill level 7 in Transmutations
  8909 | D:8      | Noticed Erolcha
  8910 | D:8      | Found a sand-covered staircase.
  8922 | D:8      | Killed Erolcha
  8922 | D:8      | Reached skill level 9 in Unarmed Combat
  8922 | D:8      | Reached skill level 3 in Spellcasting
  8922 | D:8      | Reached XP level 9. HP: 24/35 MP: 13/15
  8929 | D:8      | Reached *** piety under Cheibriados
  9005 | Ossuary  | Entered an ossuary
  9021 | Ossuary  | Reached skill level 4 in Spellcasting
  9033 | Ossuary  | Reached skill level 10 in Unarmed Combat
  9198 | Ossuary  | Reached skill level 8 in Transmutations
  9412 | Ossuary  | Reached skill level 2 in Fighting
  9908 | D:8      | Found a burning altar of Makhleb.
 10042 | D:8      | Found Buidoyla's Antique Weapon Shop.
 10074 | D:8      | Reached **** piety under Cheibriados
 10099 | D:8      | Noticed Erica
 10115 | D:8      | Killed Erica
 10115 | D:8      | Reached skill level 3 in Fighting
 10115 | D:8      | Reached skill level 5 in Spellcasting
 10115 | D:8      | Reached XP level 10. HP: 42/42 MP: 17/19
 10212 | D:8      | Reached skill level 9 in Transmutations
 10736 | D:9      | Reached skill level 4 in Fighting
 10740 | D:9      | Reached skill level 1 in Earth Magic
 10861 | D:9      | Reached skill level 2 in Earth Magic
 11095 | D:9      | Reached skill level 5 in Fighting
 11318 | D:6      | Reached skill level 1 in Stealth
 11478 | D:7      | Reached skill level 2 in Stealth
 11491 | D:7      | Reached skill level 3 in Earth Magic
 11687 | D:7      | Reached ***** piety under Cheibriados
 12027 | D:7      | Reached skill level 3 in Stealth
 12027 | D:7      | Reached skill level 10 in Transmutations
 12355 | D:8      | Found an opulent altar of Gozag.
 12375 | D:9      | Reached skill level 4 in Earth Magic
 12439 | D:9      | Found Ireur's Book Shop.
 12462 | D:9      | Reached skill level 5 in Earth Magic
 12966 | D:9      | Reached XP level 11. HP: 36/47 MP: 8/20
 13118 | D:9      | Reached skill level 6 in Earth Magic
 13137 | D:9      | Found a bloodstained altar of Trog.
 13363 | D:9      | Found Eleceybe's Gadget Boutique.
 13704 | D:10     | Entered Level 10 of the Dungeon
 13726 | D:10     | Reached ****** piety under Cheibriados
 13834 | D:10     | Reached skill level 7 in Earth Magic
 14196 | D:10     | Found a portal to a secret trove of treasure.
 14236 | D:10     | You paid a toll of 2 potions of cure mutation to enter a treasure trove
 14237 | Trove    | Entered a treasure trove
 14245 | Trove    | Got a smoking pewter amulet
 14267 | Trove    | Got a translucent ivory ring
 14272 | Trove    | Identified the ring "Essuid" {Int+4 Dex+3} (You found it in a treasure trove)
 14278 | Trove    | Identified the amulet "Xopsauj" {rCorr Str+2} (You found it in a treasure trove)
 14351 | D:11     | Noticed a hill giant
 14355 | D:11     | Killed a hill giant
 14467 | D:11     | Reached skill level 8 in Earth Magic
 14654 | D:11     | Noticed Snorg
 14726 | D:11     | Killed Snorg
 14726 | D:11     | Reached skill level 9 in Earth Magic
 14766 | D:11     | Found a staircase to the Lair.
 14959 | D:11     | Noticed Sonja
 14965 | D:11     | Killed Sonja
 15218 | Lair:1   | Entered Level 1 of the Lair of Beasts
 15286 | Lair:1   | Reached skill level 10 in Earth Magic
 15410 | Lair:1   | Noticed Gastronok
 15471 | Lair:1   | Reached skill level 6 in Spellcasting
 15524 | Lair:1   | Gained mutation: Your thick and shaggy fur keeps you warm (AC +3, rC+). [Felid growth]
 15524 | Lair:1   | Reached XP level 12. HP: 51/51 MP: 22/22
 16068 | Lair:1   | Killed Gastronok
 16180 | Lair:2   | Noticed a six-headed hydra
 16180 | Lair:2   | Reached skill level 7 in Spellcasting
 16183 | Lair:2   | Demolished by a komodo dragon
 16184 | Lair:2   | Reached XP level 11. HP: -16/61 MP: 19/22
 16425 | Lair:2   | Killed a six-headed hydra
 16876 | Lair:2   | Noticed an eight-headed hydra
 16885 | Lair:2   | Killed an eight-headed hydra
 17180 | Lair:2   | Reached skill level 8 in Spellcasting
 17215 | Lair:2   | Reached skill level 11 in Transmutations
 17282 | Lair:3   | Reached skill level 11 in Earth Magic
 17704 | Lair:3   | Found a sparkling altar of Nemelex Xobeh.
 17783 | Lair:3   | Noticed a death yak
 17784 | Lair:3   | Noticed a death yak
 17822 | Lair:3   | Reached XP level 12. HP: 51/51 MP: 19/25
 18024 | Lair:4   | Reached skill level 12 in Transmutations
 18065 | Lair:4   | Noticed a five-headed hydra
 18072 | Lair:4   | Killed a five-headed hydra
 18144 | Lair:4   | Reached skill level 12 in Earth Magic
 18306 | Lair:4   | Noticed a four-headed hydra
 18317 | Lair:4   | Killed a four-headed hydra
 18317 | Lair:4   | Reached skill level 4 in Stealth
 18665 | Lair:4   | Noticed Harold
 18674 | Lair:4   | Killed Harold
 19293 | Lair:5   | Noticed an eight-headed hydra
 19304 | Lair:5   | Killed an eight-headed hydra
 19679 | Lair:5   | Noticed a seven-headed hydra
 19685 | Lair:5   | Killed a seven-headed hydra
 19685 | Lair:5   | Reached skill level 6 in Fighting
 20047 | Lair:6   | Found a shimmering altar of Xom.
 20119 | Lair:6   | Found a staircase to the Snake Pit.
 20209 | Lair:6   | Found a staircase to the Shoals.
 20228 | Lair:6   | Reached XP level 13. HP: 57/57 MP: 23/26
 20250 | Lair:6   | Reached skill level 7 in Fighting
 20458 | Lair:6   | Reached skill level 9 in Spellcasting
 21127 | Lair:7   | Noticed Nessos
 21199 | Lair:7   | Killed Nessos
 21475 | Lair:7   | Found a runed door.
 21475 | Lair:7   | Found a viscous altar of Jiyva.
 21489 | Lair:7   | Noticed an acid blob
 21489 | Lair:7   | Noticed an acid blob
 21490 | Lair:7   | Found a staircase to the Slime Pits.
 21502 | Lair:7   | Reached skill level 6 in Dodging
 22446 | Lair:3   | Reached skill level 7 in Dodging
 22783 | D:10     | Found a staircase to the Orcish Mines.
 22913 | D:10     | Found Saif's Food Shoppe.
 22957 | D:10     | Reached skill level 8 in Fighting
 23058 | D:10     | Noticed a stone giant
 24215 | D:12     | Reached skill level 8 in Dodging
 24259 | D:12     | Reached skill level 11 in Unarmed Combat
 24414 | D:12     | Reached XP level 14. HP: 63/63 MP: 18/28
 24935 | D:12     | Reached skill level 9 in Fighting
 25313 | Lair:1   | Learned a level 1 spell: Apportation
 25347 | Lair:3   | Reached skill level 9 in Dodging
 25450 | Lair:8   | Entered Level 8 of the Lair of Beasts
 25450 | Lair:8   | Found a frozen archway.
 25664 | IceCv    | Entered an ice cave
 25898 | IceCv    | Reached skill level 10 in Dodging
 26161 | IceCv    | Reached skill level 10 in Fighting
 26412 | IceCv    | Noticed a frost giant
 26421 | IceCv    | Killed a frost giant
 26421 | IceCv    | Reached skill level 12 in Unarmed Combat
 26866 | Lair:8   | Noticed Kirke
 26872 | Lair:8   | Killed Kirke
 26872 | Lair:8   | Reached skill level 11 in Dodging
 27314 | Lair:8   | Reached XP level 15. HP: 70/70 MP: 26/29
 27496 | Lair:8   | Reached skill level 11 in Fighting
 27840 | Lair:8   | Reached skill level 12 in Dodging
 28007 | Lair:8   | Learned a level 5 spell: Phase Shift
 28117 | Lair:3   | Reached skill level 1 in Invocations
 28366 | D:12     | Reached skill level 1 in Translocations
 28444 | D:13     | Reached skill level 2 in Translocations
 28455 | D:13     | Reached skill level 2 in Invocations
 28527 | D:13     | Noticed Josephine
 28536 | D:13     | Killed Josephine
 28536 | D:13     | Reached skill level 3 in Translocations
 28547 | D:13     | Noticed Azrael
 28554 | D:13     | Killed Azrael
 28554 | D:13     | Reached skill level 3 in Invocations
 28558 | D:13     | Reached skill level 4 in Translocations
 28705 | D:13     | Found a snail-covered altar of Cheibriados.
 28710 | D:13     | Reached skill level 5 in Translocations
 28729 | D:13     | Reached skill level 4 in Invocations
 28942 | D:13     | Reached skill level 6 in Translocations
 29150 | D:13     | Found a stormy altar of Qazlal.
 29188 | D:13     | Reached skill level 5 in Invocations
 29631 | D:13     | Reached skill level 7 in Translocations
 29644 | D:13     | Found a glowing silver altar of Zin.
 29976 | Orc:1    | Entered Level 1 of the Orcish Mines
 29986 | Orc:1    | Gained mutation: You are weak. (Str -2) [a neqoxec]
 30073 | Orc:1    | Reached skill level 8 in Translocations
 30428 | Orc:2    | Entered Level 2 of the Orcish Mines
 30432 | Orc:2    | Noticed Rupert
 30434 | Orc:1    | Reached skill level 6 in Invocations
 30487 | Orc:2    | Killed Rupert
 30544 | Orc:2    | Reached skill level 9 in Translocations
 30552 | Orc:1    | Found a roughly hewn altar of Beogh.
 30555 | Orc:1    | Noticed Urug
 30688 | Orc:2    | Killed Urug
 30877 | Orc:2    | Found a staircase to the Elven Halls.
 31204 | Orc:1    | Reached skill level 7 in Invocations
 31204 | Orc:1    | Reached XP level 16. HP: 7/75 MP: 22/30
 31207 | Orc:1    | Reached skill level 10 in Translocations
 31791 | Orc:2    | Found Eceivix's Book Shoppe.
 31791 | Orc:2    | Found Ceyzeud's Weapon Boutique.
 31791 | Orc:2    | Found Herewil's Antique Weapon Boutique.
 31791 | Orc:2    | Found Unwib's Assorted Antiques.
 31798 | Orc:2    | Reached skill level 11 in Translocations
 31805 | Orc:2    | Bought a short gold wand for 80 gold pieces
 31805 | Orc:2    | Bought a scroll labeled YNGUVA TETSOTS for 20 gold pieces
 32267 | Orc:2    | Bought a book of Spatial Translocations for 975 gold pieces
 32273 | Orc:2    | Learned a level 2 spell: Blink
 32278 | Orc:2    | Learned a level 4 spell: Passage of Golubria
 32354 | D:10     | Reached skill level 8 in Invocations
 32703 | D:14     | Found Vegrulaw's Gadget Emporium.
 32752 | D:14     | Found a gate to the Vaults.
 32756 | D:14     | Reached skill level 9 in Invocations
 32960 | D:14     | Found a bloodstained altar of Trog.
 33234 | D:14     | Reached skill level 10 in Invocations
 33609 | D:15     | Entered Level 15 of the Dungeon
 33970 | D:15     | Got a twitching golden ring
 34008 | D:15     | Identified the ring of Xom's Best Wishes {rPois rF+ rC+ Slay+2} (You took it off a deep elf mage on level 15 of the Dungeon)
 34339 | D:15     | Found a staircase to the Depths.
 34860 | D:11     | Reached skill level 13 in Unarmed Combat
 35455 | Lair:7   | Identified Ymoces's Handbook of Noxious Moulding (You found it on level 7 of the Lair of Beasts)
 35657 | Lair:1   | Learned a level 2 spell: Stoneskin
 35787 | Snake:1  | Entered Level 1 of the Snake Pit
 36060 | Snake:1  | Reached skill level 5 in Stealth
 36261 | Snake:1  | Reached skill level 6 in Stealth
 36796 | Snake:1  | Reached skill level 7 in Stealth
 36831 | Snake:1  | Found a shadowy altar of Dithmenos.
 36955 | Snake:1  | Reached skill level 12 in Fighting
 37427 | Snake:1  | Reached skill level 8 in Stealth
 37431 | Snake:1  | Reached XP level 17. HP: 40/79 MP: 29/31
 37765 | Snake:2  | Noticed Aizul
 37776 | Snake:2  | Killed Aizul
 38076 | Snake:2  | Reached skill level 9 in Stealth
 38082 | Snake:2  | Noticed Vashnia
 38097 | Snake:2  | Shot with an arrow of flame by a naga sharpshooter
 38098 | Snake:2  | Reached XP level 16. HP: -3/98 MP: 29/30
 38445 | Snake:3  | Reached skill level 14 in Unarmed Combat
 38503 | Snake:3  | Reached skill level 10 in Stealth
 38790 | Shoals:1 | Entered Level 1 of the Shoals
 39127 | Shoals:1 | Reached skill level 1 in Evocations
 39272 | Shoals:1 | Reached skill level 2 in Evocations
 39625 | Shoals:1 | Reached skill level 3 in Evocations
 39959 | Shoals:3 | Reached skill level 4 in Evocations
 40261 | Shoals:3 | Found Gayghahi's Antique Weapon Boutique.
 40310 | Shoals:3 | Reached skill level 15 in Unarmed Combat
 40379 | Shoals:4 | Entered Level 4 of the Shoals
 40531 | Shoals:4 | Reached skill level 5 in Evocations
 40866 | Shoals:4 | Reached skill level 6 in Evocations
 40866 | Shoals:4 | Hit by a large rock thrown by a cyclops
 40867 | Shoals:4 | Reached XP level 15. HP: -11/93 MP: 8/29
 40907 | Shoals:4 | Slain by a cyclops

Vault maps used:
D:1:      dpeg_arrival_rooms_with_view
D:2:      lemuel_round_altar, vehumet_crystals, ecumenical_altar_2,
          trog_butcher_becter
D:3:      kennysheep_ying_yang, johnstein_pakellas_shop,
          nicolae_ru_the_path_less_chosen
D:4:      nicolae_overflow_hidden_temple, minmay_temple_entry_statues_pillars,
          first_bread, minmay_splitting_lines,
          grunt_dithmenos_smoke_and_mirrors, uniq_robin
D:5:      old_standard_altar, minmay_misc_feat_roman,
          corexii_item_surrounded_by_moat
D:6:      minmay_door_square, hangedman_abyss_or_decor_jellyfish_corner
D:7:      fedhas_bush_and_centaur_altar, serial_shops, shop, grunt_livestock
D:8:      overflow_temple_1_default, kennysheep_mini, serial_shops, shop,
          nicolae_ossuary_entry_ruins, uniq_erolcha, uniq_erica
D:9:      marbit_many_paths, serial_shops, shop, shop, st_stairs_4
D:10:     lemuel_castle_with_subvaults, hiddenorc2_lemuel, enter_trove_1,
          serial_shops, nicolae_shop_stone, hive_lemuel
D:11:     erik_lair_dragon, minmay_misc_feat_square, uniq_sonja, uniq_snorg
D:12:     minivault_15
D:13:     hangedman_abyss_or_decor_passed, hangedman_glass_teeth,
          hangedman_feature_mirror, nicolae_qazlal_eye_of_the_storm,
          uniq_josephine, uniq_azrael
D:14:     lightli_vaults_fourway_checkpoint, serial_shops, shop,
          nrook_mini_vaults, trog_wizard
D:15:     grunt_enter_depths_hoard, hangedman_abyss_or_decor_stabs,
          minmay_crystal_room
Temple:   temple_island_7
Lair:1:   uniq_gastronok
Lair:2:   lemuel_old_faithful, grunt_megastairs_3
Lair:3:   basic_altar
Lair:4:   grunt_megastairs_4, uniq_harold
Lair:5:   bh_autumn_forest_stairs
Lair:6:   elwin_shoals_entry_stream, guppyfry_snake_entry_island,
          lemuel_centaur_altar
Lair:7:   dragon1_lemuel, slime_altar_2, infiniplex_staircase_pool, uniq_nessos
Lair:8:   grunt_lair_end_beastmaster, portal_ice_cave_entry_ice_beasts,
          lemuel_fruit_fields, serial_bayou_shore_a, uniq_kirke
Shoals:1: kb_tengu_band
Shoals:3: serial_shops, shop_statue, shop, shop, shop, shop, ldierk_geyser
Shoals:4: shoals_end_simple, shoals_ilsuiw_alternative, serial_shops,
          nicolae_shop_behind_doors
Snake:1:  basic_altar, grunt_ministairs_1
Snake:2:  serial_bayou_lagoon_a, serial_bayou_pond_d,
          nicolae_snake_serpentine_hallways, uniq_aizul, uniq_vashnia
Orc:1:    mines2_david, uniq_urug
Orc:2:    st_orc_ogre_mass, uniq_rupert
Trove:    trove_simple
Ossuary:  ossuary_minmay_scorpions
IceCv:    ice_cave_caverns_01

Vanquished Creatures
  Rupert Gastronok Kirke
  A greater naga
  A frost giant Aizul Nessos Azrael Snorg
  3 merfolk javelineers
  A fire dragon Josephine Erolcha
  4 merfolk impalers
  4 vault guards Harold
  7 naga warriors
  6 centaur warriors
  7 hydras
  2 catoblepae
  3 anacondas
  A merfolk aquamancer
  An alligator snapping turtle Erica
  A deep troll shaman
  5 ogre magi
  2 satyrs
  4 tengu warriors
  19 death yaks Urug
  6 naga sharpshooters
  2 shock serpents Sonja
  7 skeletal warriors
  A salamander mystic
  2 sea snakes
  2 naga ritualists
  7 hill giants
  A lindwurm
  8 orc knights
  A hornet
  2 wolf spider zombies
  2 deep elf magi
  5 mana vipers
  5 ugly things
  A wizard
  10 griffons
  5 salamanders
  6 fauns
  4 water nymphs
  A harpy
  4 orc sorcerers
  14 manticores
  4 cyclopes
  13 elephants
  2 guardian serpents
  25 spiny frogs
  2 ice statues
  5 sirens
  6 naga magi
  4 centaur skeletons
  A gargoyle
  20 black mambas
  13 komodo dragons
  A freezing wraith
  13 trolls
  4 tengu conjurers
  2 fire drakes
  14 merfolk
  An efreet
  18 polar bears
  3 wind drakes
  8 blink frogs
  16 two-headed ogres
  14 slime creatures
  5 snapping turtles
  3 shadows
  3 fire elementals
  6 water elementals
  12 hippogriffs
  6 wyverns
  71 yaks
  6 humans
  3 mottled dragons
  4 basilisks
  5 wraiths
  10 vampire mosquitoes
  34 wolves
  16 wargs
  A soldier ant
  A hungry ghost
  23 nagas
  13 water moccasins
  2 hell hounds
  16 porcupines
  2 necrophages
  A phantom
  3 wasps
  32 ogres
  3 black bears
  41 orc warriors
  5 sky beasts
  14 centaurs
  11 ice beasts
  2 eyes of draining
  A big kobold
  17 crocodiles
  24 giant frogs
  2 wyvern skeletons
  11 scorpions
  5 killer bees
  8 crimson imps
  3 electric eels
  2 quasits
  12 wights
  A giant frog zombie
  11 hounds
  5 centaur zombies
  3 human zombies
  6 jellies
  11 iguanas
  38 orc wizards
  A giant frog skeleton
  17 orc priests
  9 worker ants
  31 sheep
  4 big kobold zombies
  3 hound skeletons
  A hound zombie
  3 mummies Robin
  42 river rats
  8 gnolls
  11 adders
  2 scorpion zombies
  4 shadow imps
  3 oozes
  2 adder skeletons
  3 adder zombies
  A worm
  12 giant geckos
  186 orcs
  3 gnoll zombies
  9 hobgoblins
  2 ball python zombies
  8 bats
  4 giant cockroaches
  A giant gecko skeleton
  6 giant newts
  19 goblins
  2 hobgoblin zombies
  28 jackals
  11 kobolds
  A kobold zombie
  An orc zombie
  4 quokkas
  A quokka zombie
  7 rats
  A butterfly
  45 fungi
  63 plants
1444 creatures vanquished.
